 Dungeon Crawl Stone Soup version 0.32-a0-132-g2d33c3cfaf (webtiles) character file.

Game seed: 16353733734750766620

12 Baron the Chopper (level 2, -2/19 (25) HPs)
             Began as a Hill Orc Reaver on Feb 10, 2024.
             Succumbed to a gnoll's poison
             ... on level 1 of the Dungeon.
             The game lasted 00:03:18 (390 turns).

Baron the Chopper (Hill Orc Reaver)                  Turns: 390, Time: 00:03:22

HP:   -2/19 (25)    AC:  3    Str: 14    XL:     2   Next: 33%
MP:   3/4           EV: 11    Int: 13    God:
Gold: 20            SH:  0    Dex:  9    Spells: 3/4 levels left

rFire   . . .        a - +0 hand axe
rCold   . . .        (no shield)
rNeg    . . .        b - +0 leather armour
rPois   .            (no helmet)
rElec   .            (no cloak)
rCorr   .            (no gloves)
SInv    .            (no boots)
Will    .....        (no amulet)
Stlth   +            (no ring)
HPRegen 0.23/turn    (no ring)
MPRegen 0.09/turn

%: no passive effects
@: lethally poisoned (-2 -> -29), heavily drained
A: no striking features
a: no special abilities


You were on level 1 of the Dungeon.
You visited 1 branch of the dungeon, and saw 1 of its levels.

You collected 20 gold pieces.

Inventory:

Hand Weapons
 a - a +0 hand axe (weapon)
 g - a +1 dagger of protection
 m - a +0 dagger of draining
Missiles
 h - 12 stones
Armour
 b - a +0 leather armour (worn)
 k - a +0 leather armour
Magical Staves
 i - a staff of death
Jewellery
 c - a +5 ring of evasion
Scrolls
 d - a scroll of teleportation {unknown}
 e - a scroll of blinking {unknown}
 f - a scroll of fog {unknown}
Potions
 j - a potion of invisibility {unknown}
 l - a potion of haste {unknown}
 n - a potion of lignification {unknown}


   Skills:
 - Level 2.4 Fighting
 + Level 4.8 Axes
 + Level 0.6 Armour
 - Level 1.5 Dodging
 - Level 1.5 Spellcasting
 - Level 3.0 Conjurations


You had 3 spell levels left.
You knew the following spells:

 Your Spells              Type           Power      Damage    Failure   Level
a - Kiss of Death         Conj/Necr      16%        2d6       19%         1

Your spell library contained the following spells:

 Spells                   Type           Power      Damage    Failure   Level
 Momentum Strike          Conj/Tloc      8%         3d8       28%         2
 Hailstorm                Conj/Ice       4%         3d5       50%         3


Dungeon Overview and Level Annotations

Branches:
Dungeon (1/15)

Altars:

Shops:
D:1 (


Message History

You hit the hobgoblin but do no damage.
The hobgoblin is severely wounded.
The hobgoblin hits you.
You hit the hobgoblin.
You kill the hobgoblin!
No target in view!
No target in view!
Things that are here:
a +0 dagger of draining; a goblin corpse
m - a +0 dagger of draining
n - a golden potion A gnoll comes into view.
It is wielding a +0 whip of venom.
The gnoll shouts!
There is a shaft here.
A gnoll is nearby!
Found a pair of boots.
There is a shaft here.
Sorry, you're not good enough to have a special ability.
Sorry, you're not good enough to have a special ability.
You hit the gnoll but do no damage. The gnoll closely misses you.
A giant cockroach comes into view.
You hit the gnoll.
The gnoll is heavily wounded.
The gnoll hits you with a +0 whip of venom!
You are poisoned.
You closely miss the gnoll.
The gnoll is heavily wounded.
You feel very sick.
The gnoll hits you with a +0 whip of venom!
* * * LOW HITPOINT WARNING * * *
You are more poisoned.
Casting: Kiss of Death (safe; 19% risk of failure)
Confirm with . or Enter, or press ? or * to list all spells.
Aiming: Kiss of Death (safe; 19% risk of failure)
Press: ? - help, Shift-Dir - straight line, f - gnoll
Aim: a gnoll, wielding a +0 whip of venom (heavily wounded, 100% to hit)
The negative energy hits the gnoll.
The gnoll is drained!
The gnoll is severely wounded.
You feel drained.
You die...

##### ########
#...#### #.......
##.#....###.......
#..####...........
##@## ####........
#.g# ##.......
#.## #######...
.... #... #...
....... #.ß. #...
.........# #...
#### ####.#.[.#
###+### # #.##..#
###.....##### #.
#.# ..#.....#...#


You could see a gnoll (very drained).

Vanquished Creatures
  An endoplasm (D:1)
  A giant cockroach (D:1)
  2 goblins (D:1)
  A hobgoblin (D:1)
  A ball python (D:1)
  2 bats (D:1)
  2 kobolds (D:1)
  2 rats (D:1)
12 creatures vanquished.

Notes
Turn   | Place    | Note
-------+----------+-------------------------------------------
     0 | D:1      | Baron the Hill Orc Reaver began the quest for the Orb.
     0 | D:1      | Reached XP level 1. HP: 18/18 MP: 3/3
   134 | D:1      | Found Diew Yci's Weapon Shoppe.
   196 | D:1      | Reached XP level 2. HP: 24/25 MP: 4/4
   390 | D:1      | Succumbed to a gnoll's poison

Illustrated notes

Levels and vault maps discovered:
D:1:      minmay_arrival_stair_chambers, layout_rooms, serial_shops,
          nicolae_shop_bloodbath_and_beyond, chequers_serial_rivers_micro_a

Action                     || total
---------------------------++-------
  Melee: Hand axe          ||    55
         Punch             ||     2
   Cast: Kiss of Death     ||     1
 Armour: Leather armour    ||    41
  Dodge: Dodged            ||    42

Table legend: (Time is in decaauts)
 A = Elapsed time spent in this place.
 B = Non-inter-level travel time spent in this place.
 C = Inter-level travel time spent in this place.
 D = Time resting spent in this place.
 E = Time spent auto-exploring this place.
 F = Levels seen in this place.
 G = Mean time per level.
                   A        B        C        D        E       F      G
               +--------+--------+--------+--------+--------+-----+--------+
         Total |    393 |    376 |     17 |      0 |    237 |   1 |  393.0 |
       Dungeon |    393 |    376 |     17 |      0 |    237 |   1 |  393.0 |
               +--------+--------+--------+--------+--------+-----+--------+

Top non-repeatable levels by time:
     D:1: 393 daAuts
